AoeStats
← The Red Knight

Arabia

506284368Analyzed
1v1 RM · 19d ago on Sep 13, 2026· 43m 33s· 2 players
Game mode
Random Map
Map size
Tiny (2 player)
Population
200
Speed
Normal
Resources
Standard
Victory
Conquest
Starting age
Dark Age
Ending age
Imperial Age
RankedLock teamsTeams togetherTeam positionsShared explorationLock speedFull tech treeHidden civsTurbo modeCheats
Victory
Defeat
🇺🇸 Slavs · United States
1119
+17
🇦🇷 Cumans · Argentina
1138
-17
The Red Knight
8:38 Loom
11:10 Feudal Age
12:16 Double-Bit Axe
12:15 Horse Collar
14:53 Wheelbarrow
20:58 Castle Age
19:47 Gold Mining
20:18 Scale Barding Armor
21:34 Bloodlines
24:16 Chain Barding Armor
25:49 Bow Saw
28:08 Husbandry
28:23 Forging
29:33 Hand Cart
29:27 Fletching
32:00 Iron Casting
31:30 Bodkin Arrow
33:14 Town Watch
36:34 Imperial Age
35:06 Pikeman
36:47 Elite Boyar
38:43 Two-Man Saw
37:46 Squires
39:10 Plate Barding Armor
40:30 Blast Furnace
41:34 Light Cavalry
44:14 Conscription
Jericho
8:05 Loom
10:05 Feudal Age
14:52 Town Watch
27:36 Castle Age
25:38 Fletching
29:03 Double-Bit Axe
29:39 Bloodlines
31:42 Scale Barding Armor
33:49 Forging
37:03 Capped Ram
41:21 Wheelbarrow
41:26 Bodkin Arrow
44:26 Imperial Age
44:02 Ballistics
Connection lost

Rejoining the realm…

Still unreachable

The connection could not be restored.

Session expired

The server has moved on; the page needs a fresh start.